[Event "Titled Tuesday Blitz February 01 B 2022"]
[White "Svane, Frederik"]
[Black "Naroditsky, Daniel"]
[WhiteFideId "12923044"]
[BlackFideId "2026961"]
[WhiteElo "2459"]
[BlackElo "2608"]
[Result "1-0"]
[Round "03"]
[TimeControl "180+1"]
[Date "2022.02.01"]
[WhiteClock "0:00:13"]
[BlackClock "0:00:03"]

1. e4 e5 2. Nf3 Nc6 3. Bb5 a6 4. Ba4 d6 5. O-O Bd7 6. c4 g6 7. d4 exd4 8. Bxc6 bxc6 9. Qxd4 Qf6 10. e5 dxe5 11. Re1 Be6 12. Nxe5 Bg7 13. Qc5 Ne7 14. Nxc6 Nf5 15. Nc3 Kd7 16. Nd5 Bxd5 17. Qxd5+ Qd6 18. Qxf7+ Kc8 19. Ne7+ Nxe7 20. Qxg7 Kb7 21. c5 Qd3 22. Qxe7 Rae8 23. c6+ Kxc6 24. Qf6+ Kb7 25. Bf4 Rhf8 26. Qg5 Rf5 27. Qg3 Qd7 28. Rec1 c6 29. Be3 Rd5 30. h3 h5 31. Qf3 Re6 32. Rc3 g5 33. Rb3+ Kc7 34. Rc1 g4 35. Qf4+ Kd8 36. Qf8+ Re8 37. Bb6+ Kc8 38. Qf4 gxh3 39. Rxh3 Re6 40. Rhc3 Rd1+ 41. Rxd1 Qxd1+ 42. Kh2 Qd7 43. Re3 Kb7 44. Rxe6 Qxe6 45. Qc7+ 1-0


[Site "https://www.chess.com"]

[Event "Titled Tuesday Blitz February 01 B 2022"]
[White "Sviridov, Valery"]
[Black "Gledura, Benjamin"]
[WhiteFideId "4120680"]
[BlackFideId "712779"]
[WhiteElo "2454"]
[BlackElo "2326"]
[Result "1/2-1/2"]
[Round "03"]
[TimeControl "180+1"]
[Date "2022.02.01"]
[WhiteClock "0:00:29"]
[BlackClock "0:00:15"]

1. Nf3 Nf6 2. g3 g6 3. Bg2 Bg7 4. O-O O-O 5. c4 c6 6. Nc3 d5 7. cxd5 cxd5 8. d4 Ne4 9. Ng5 Nxc3 10. bxc3 Nc6 11. e4 dxe4 12. Re1 Bf5 13. h4 Rc8 14. Nxe4 Na5 15. Bd2 Nc4 16. Bg5 Re8 17. Qa4 Qa5 18. Qb3 h6 19. Bf4 b6 20. Rac1 Bxe4 21. Bxe4 e6 22. Bd3 Qd5 23. Be4 Qd7 24. Rcd1 Nd6 25. Bd3 Qc6 26. Ba6 Rcd8 27. a4 Qf3 28. Bf1 Nf5 29. Bg2 Qh5 30. Qb5 g5 31. hxg5 hxg5 32. Bc7 Rc8 33. a5 bxa5 34. Bxa5 Bf8 35. d5 Nd6 36. Qa6 e5 37. Bb4 Rcd8 38. Qxa7 Kg7 39. Qa6 Be7 40. Qe2 Qxe2 41. Rxe2 Nc4 42. Re4 Bxb4 43. Rxc4 Bd6 44. Be4 Rc8 45. Rc6 Red8 46. Kg2 Kf6 47. Kf3 Ke7 48. Kg4 Rxc6 49. dxc6 Bc5 50. Rxd8 Kxd8 51. f3 Bf2 52. Bd5 f6 53. Kh3 Kc7 54. Kg2 Be1 55. g4 Bxc3 56. Kf2 Bd2 57. Ke2 Bc3 58. Kd3 Bb2 59. Ke4 Bc1 60. Kf5 Bf4 61. Be4 Kd6 62. Kxf6 Kc7 63. Ke7 Bg3 64. Ke6 Bf4 65. Kf6 Kd6 66. Kf7 Kc7 67. Ke7 Bg3 68. Bd5 Bf4 69. Ke6 Bg3 70. Be4 Bf4 71. Kd5 Bg3 72. Bc2 Bf4 73. Ba4 Bg3 74. Ke4 Bf4 75. Kf5 Kd6 76. Kf6 Kc7 77. Ke7 Bg3 78. Ke6 Bf4 79. Kd5 Bg3 80. Bb5 Bf4 81. Ke4 Bg3 82. Kd5 Bf4 83. Ke6 Bg3 84. Kf6 Bf4 85. Ba4 Kd6 86. Kf7 Kc7 87. Ke6 Bg3 88. Bb5 Bf4 89. Ba4 Bg3 90. Bb3 Bf4 91. Bd5 Bg3 92. Kf6 Bf4 93. Kg6 Kd6 94. Be4 Kc7 95. Kh5 Be3 96. Kh6 Bf4 97. Kg7 Be3 98. Kh6 Bf4 99. Kg6 Be3 100. Kf6 Bf4 101. Ke6 Bg3 102. Kf5 Bf4 103. Ke6 Bg3 104. Bd5 Bf4 105. Be4 1/2-1/2


[Site "https://www.chess.com"]

[Event "Titled Tuesday Blitz February 01 B 2022"]
[White "Timofeev, Artyom"]
[Black "Wieczorek, Oskar"]
[WhiteFideId "4140419"]
[BlackFideId "1133950"]
[WhiteElo "2583"]
[BlackElo "2319"]
[Result "1-0"]
[Round "03"]
[TimeControl "180+1"]
[Date "2022.02.01"]
[WhiteClock "0:02:10"]
[BlackClock "0:01:49"]

1. d4 Nf6 2. Nf3 g6 3. Nbd2 d5 4. b4 a5 5. b5 a4 6. Ba3 Bg7 7. e3 O-O 8. c4 Ne4 9. Rc1 Re8 10. Be2 c6 11. bxc6 bxc6 12. O-O Ba6 13. Nxe4 dxe4 14. Nd2 f5 15. Qxa4 Nd7 16. Qxc6 1-0


[Site "https://www.chess.com"]

[Event "Titled Tuesday Blitz February 01 B 2022"]
[White "Urazayev, Arystanbek"]
[Black "Niemann, Hans Moke"]
[WhiteFideId "13709810"]
[BlackFideId "2093596"]
[WhiteElo "2321"]
[BlackElo "2636"]
[Result "0-1"]
[Round "03"]
[TimeControl "180+1"]
[Date "2022.02.01"]
[WhiteClock "0:00:03"]
[BlackClock "0:00:49"]

1. e4 c5 2. Nf3 d6 3. d4 cxd4 4. Nxd4 Nf6 5. Nc3 Nc6 6. Nd5 Nxd5 7. exd5 Qa5+ 8. Bd2 Qxd5 9. Nb5 Qe6+ 10. Be2 Qd7 11. O-O a6 12. Nc3 g6 13. Nd5 Rb8 14. Bc3 Rg8 15. Re1 Bg7 16. Bxg7 Rxg7 17. Nf6+ exf6 18. Bg4+ Qe7 19. Rxe7+ Kxe7 20. Bxc8 Rxc8 21. Qd5 Rd8 22. Re1+ Kf8 23. c3 g5 24. b4 g4 25. Qf5 Rg6 26. a4 Kg7 27. h4 gxh3 28. Qxh3 d5 29. b5 axb5 30. axb5 Ne5 31. Qf5 Rg5 32. Qh3 Ng6 33. g3 d4 34. cxd4 Rxd4 35. Rb1 h5 36. Qc8 h4 37. Qxb7 hxg3 38. fxg3 Rxg3+ 39. Kf2 Ra3 40. b6 Rd2+ 41. Ke1 Raa2 42. Qe4 f5 43. Qe3 Rh2 44. Qf3 Ne5 45. Qg3+ Kf6 46. Qxh2 Rxh2 47. b7 Rh1+ 0-1


[Site "https://www.chess.com"]

[Event "Titled Tuesday Blitz February 01 B 2022"]
[White "Weetik, Vjacheslav"]
[Black "Drygalov, Andrey"]
[WhiteFideId "4153472"]
[BlackFideId "24171735"]
[WhiteElo "2469"]
[BlackElo "2540"]
[Result "0-1"]
[Round "03"]
[TimeControl "180+1"]
[Date "2022.02.01"]
[WhiteClock "0:00:03"]
[BlackClock "0:01:11"]

1. d4 Nf6 2. c4 e6 3. g3 d5 4. Nf3 Bb4+ 5. Bd2 Be7 6. Bg2 O-O 7. O-O Nbd7 8. Qc2 c6 9. Na3 b6 10. cxd5 cxd5 11. Rfc1 Ba6 12. Bf1 Ne4 13. Bf4 Bxa3 14. bxa3 Bc4 15. h4 h6 16. Qb2 b5 17. Bg2 a6 18. Ne1 g5 19. hxg5 hxg5 20. Be3 f5 21. Nd3 Qf6 22. a4 Qg7 23. a5 Rf6 24. a4 Rh6 25. axb5 axb5 26. a6 Qe7 27. a7 Nb6 28. Qa3 Qxa3 29. Rxa3 Na4 30. f3 Nxg3 31. Kf2 f4 32. Nxf4 gxf4 33. Bxf4 Nxe2 34. Bxh6 Nxc1 35. Bxc1 Rxa7 36. Bh3 Kf7 37. Re3 Ra6 38. Re5 b4 39. Rh5 b3 40. Rh7+ Kg6 41. Rb7 Rb6 42. Rxb6 Nxb6 43. Bxe6 Na4 44. Ke3 b2 45. Bxb2 Nxb2 46. Kf4 Kf6 47. Bg8 Nd3+ 48. Ke3 Nb4 49. Bh7 Bb3 50. Bb1 Bc2 51. Bxc2 Nxc2+ 52. Kd3 Nb4+ 53. Kc3 Nc6 54. Kd3 Kf5 55. Ke3 Nb4 56. Kd2 Kf4 57. Ke2 Nc6 0-1


[Site "https://www.chess.com"]

[Event "Titled Tuesday Blitz February 01 B 2022"]
[White "Willow, Jonah B"]
[Black "Senthil Maran K"]
[WhiteFideId "438804"]
[BlackFideId "25035681"]
[WhiteElo "2261"]
[BlackElo "2194"]
[Result "0-1"]
[Round "03"]
[TimeControl "180+1"]
[Date "2022.02.01"]
[WhiteClock "0:00:47"]
[BlackClock "0:00:10"]

1. e4 c6 2. d4 d5 3. Nc3 dxe4 4. Nxe4 Bf5 5. Nc5 b6 6. Nb3 e6 7. Nf3 Nd7 8. g3 Rc8 9. Bg2 Ngf6 10. O-O h6 11. Re1 Be7 12. Qe2 O-O 13. Ne5 Nxe5 14. dxe5 Nd5 15. a3 c5 16. h4 Qd7 17. Rd1 b5 18. Be3 Rfd8 19. Rd2 Qc7 20. Bxd5 exd5 21. Bf4 Qb7 22. g4 Be6 23. g5 hxg5 24. Bxg5 d4 25. Re1 Bxb3 26. cxb3 Bxg5 27. hxg5 Qd5 28. Rd3 c4 29. Rh3 g6 30. Re3 dxe3 31. Qxe3 Qd2 32. Qe4 Rd4 33. Qb1 Rg4+ 34. Kf1 Qd3+ 35. Qxd3 cxd3 36. Rd1 Rd4 37. Ke1 Rc2 0-1


[Site "https://www.chess.com"]

[Event "Titled Tuesday Blitz February 01 B 2022"]
[White "Xiong, Jeffery"]
[Black "Hasangatin, Ramil"]
[WhiteFideId "2047640"]
[BlackFideId "4122160"]
[WhiteElo "2727"]
[BlackElo "2375"]
[Result "1/2-1/2"]
[Round "03"]
[TimeControl "180+1"]
[Date "2022.02.01"]
[WhiteClock "0:00:54"]
[BlackClock "0:00:27"]

1. e4 c5 2. Nc3 e6 3. Nf3 Nc6 4. d4 cxd4 5. Nxd4 Bb4 6. Nxc6 dxc6 7. Qxd8+ Kxd8 8. Bd2 e5 9. O-O-O Ke8 10. a3 Bc5 11. f3 Be6 12. Na4 Be7 13. Be3 Nf6 14. Nc5 Bc8 15. Bc4 b6 16. Nd3 Nd7 17. Nb4 Nb8 18. Nd3 f6 19. h4 Nd7 20. h5 Nf8 21. g4 Be6 22. Ba6 Bc8 23. Bc4 Be6 24. Ba6 Bc8 25. Bxc8 Rxc8 26. g5 Ne6 27. h6 g6 28. gxf6 Bxf6 29. Nf2 Ke7 30. Ng4 Rhd8 31. b4 Rxd1+ 32. Rxd1 Rd8 33. Rxd8 Nxd8 34. Kb2 Nf7 35. Kb3 Ke6 36. Nxf6 Kxf6 37. a4 Ke6 38. a5 bxa5 39. bxa5 a6 40. Kc4 Kd6 41. Bc5+ Kc7 42. Be3 Nd6+ 43. Kb4 Nb7 44. Bd2 Kd7 45. Bc3 Ke6 46. Kc4 Kd6 47. Bb4+ Ke6 48. Bd2 Kd6 49. Bc3 Ke6 50. Bb4 Kf6 51. Be1 Ke6 52. Kb4 Kd6 53. Bd2 Ke6 54. f4 exf4 55. Bxf4 Kf6 56. Bc7 Ke6 57. Kc4 Kf6 58. Kd4 Ke6 59. Ke3 Kf6 60. Kf4 Ke6 61. Ke3 Kf6 62. Kd4 Ke6 63. Ke3 1/2-1/2


[Site "https://www.chess.com"]

[Event "Titled Tuesday Blitz February 01 B 2022"]
[White "Andreikin, Dmitry"]
[Black "Bluebaum, Matthias"]
[WhiteFideId "4158814"]
[BlackFideId "24651516"]
[WhiteElo "2736"]
[BlackElo "2550"]
[Result "0-1"]
[Round "04"]
[TimeControl "180+1"]
[Date "2022.02.01"]
[WhiteClock "0:00:01"]
[BlackClock "0:00:17"]

1. d4 Nf6 2. c4 e6 3. Nc3 Bb4 4. a3 Bxc3+ 5. bxc3 d5 6. cxd5 exd5 7. e3 Bf5 8. f3 Nc6 9. Ra2 h5 10. Bd3 Qd7 11. Ne2 O-O-O 12. O-O Bxd3 13. Qxd3 Na5 14. h4 Rhe8 15. Ng3 Qc6 16. Re2 Kb8 17. e4 dxe4 18. fxe4 Ng4 19. Rxf7 Ne5 20. d5 Nxf7 21. Nf5 Qc4 22. Qxc4 Nxc4 23. Nxg7 Rxd5 24. Nxe8 Rd1+ 25. Kh2 Rxc1 26. Nf6 Nce5 27. Nxh5 Rxc3 28. Nf6 Nh6 29. g3 Rxa3 30. Kh3 a5 31. Rd2 a4 32. Rd5 Nhf7 33. h5 Ra2 34. g4 Ra3+ 35. Kh4 Nf3+ 36. Kg3 N3g5+ 37. Kg2 c6 38. Rf5 Rb3 39. Nd7+ Kc7 40. Ne5 Nxe5 41. Rxe5 Rb5 42. Re8 Ra5 43. h6 a3 44. Rg8 a2 45. Rxg5 Rxg5 0-1


[Site "https://www.chess.com"]

[Event "Titled Tuesday Blitz February 01 B 2022"]
[White "Beerdsen, Thomas"]
[Black "Nepomniachtchi, Ian"]
[WhiteFideId "1030108"]
[BlackFideId "4168119"]
[WhiteElo "2585"]
[BlackElo "2740"]
[Result "0-1"]
[Round "04"]
[TimeControl "180+1"]
[Date "2022.02.01"]
[WhiteClock "0:00:02"]
[BlackClock "0:00:35"]

1. e4 c5 2. Nf3 e6 3. d4 cxd4 4. Bg5 Qb6 5. Qxd4 Qxd4 6. Nxd4 a6 7. Nd2 Nc6 8. Nxc6 bxc6 9. Nc4 Bc5 10. O-O-O d5 11. Na5 Bd7 12. c4 Ne7 13. Nb7 Bxf2 14. Nd6+ Kf8 15. Be2 f6 16. e5 Ng8 17. Ne4 fxg5 18. Nxf2 Nh6 19. Nd3 Ke7 20. Nc5 Nf7 21. Rhe1 Nxe5 22. Bh5 Nxc4 23. Nxe6 Bxe6 24. Bg4 Kd6 25. Rxe6+ Kc5 26. b3 Na5 27. Kb2 Rae8 28. Rde1 Rxe6 29. Rxe6 Rf8 30. Bf3 g4 31. Bxg4 Rf2+ 32. Be2 Rxg2 33. Kc3 Kb6 34. b4 Nb7 35. a4 a5 36. b5 Rg6 37. Re8 Nc5 38. bxc6 Re6 39. Rb8+ Kc7 40. Rb5 Nxa4+ 41. Kb3 Rxe2 42. Kxa4 Kxc6 43. Rb2 Rxb2 0-1


[Site "https://www.chess.com"]

[Event "Titled Tuesday Blitz February 01 B 2022"]
[White "Blohberger, Felix"]
[Black "Yoo, Christopher Woojin"]
[WhiteFideId "1632051"]
[BlackFideId "30909694"]
[WhiteElo "2474"]
[BlackElo "2105"]
[Result "1/2-1/2"]
[Round "04"]
[TimeControl "180+1"]
[Date "2022.02.01"]
[WhiteClock "0:00:03"]
[BlackClock "0:00:05"]

1. d4 Nf6 2. Nf3 d5 3. Bf4 Bf5 4. c4 e6 5. Nc3 c6 6. Qb3 Qc8 7. e3 Be7 8. cxd5 exd5 9. Rc1 O-O 10. Be2 Nbd7 11. h3 Nb6 12. Ne5 Nfd7 13. Nxd7 Qxd7 14. a4 Be6 15. O-O Rfc8 16. a5 Nc4 17. Qa2 b5 18. b3 Nd6 19. Nd1 b4 20. Nb2 Ne4 21. Na4 Qd8 22. Ba6 Qxa5 23. Bxc8 Rxc8 24. Qe2 Bd7 25. Rc2 c5 26. Nxc5 Bxc5 27. dxc5 Nc3 28. Qd3 Qxc5 29. Qd4 Qxd4 30. exd4 a5 31. Ra1 a4 32. bxa4 b3 33. Rb2 Bxa4 34. Bd2 Ne2+ 35. Kh2 Rc4 36. Rxb3 h6 37. Rb4 Bc6 38. Rxc4 dxc4 39. Ra6 Be4 40. f3 Bd3 41. d5 c3 42. Ra8+ Kh7 43. Bxc3 Nxc3 44. Ra3 Nxd5 45. Rxd3 Nf4 46. Rd4 Ne6 47. Rc4 g5 48. h4 Kg6 49. Kg3 f5 50. Kf2 Kf6 51. Ke3 Ke5 52. Rc8 Nf4 53. hxg5 hxg5 54. g3 Nd5+ 55. Ke2 Nf6 56. Rc2 Nd5 57. Kf2 Nb4 58. Rd2 Nd5 59. Ra2 Nb4 60. Ra5+ Nd5 61. Ke2 Kd4 62. Ra4+ Ke5 63. Kd3 Nf6 64. Ra5+ Ke6 65. Kd4 Nh5 66. g4 Ng3 67. gxf5+ Nxf5+ 68. Ke4 Nd6+ 69. Kd4 Nf5+ 70. Kd3 Kf6 71. Ke4 Nd6+ 72. Kd4 Nf5+ 73. Kd5 Ng3 74. Kd4 Nf5+ 75. Kc3 Nh4 76. Ra1 Nxf3 77. Rf1 g4 78. Kd3 Kf5 79. Ke3 Ke5 80. Rf2 Nd4 81. Rg2 Nf5+ 82. Ke2 Kf4 83. Rxg4+ Kxg4 1/2-1/2


[Site "https://www.chess.com"]

[Event "Titled Tuesday Blitz February 01 B 2022"]
[White "Corrales Jimenez, Fidel"]
[Black "Goltsev, Dmitry"]
[WhiteFideId "3506690"]
[BlackFideId "24176710"]
[WhiteElo "2541"]
[BlackElo "2273"]
[Result "1-0"]
[Round "04"]
[TimeControl "180+1"]
[Date "2022.02.01"]
[WhiteClock "0:02:10"]
[BlackClock "0:01:21"]

1. e4 e6 2. d4 d5 3. e5 c5 4. c3 Nc6 5. Nf3 Qb6 6. a3 cxd4 7. cxd4 Nge7 8. Nc3 Nf5 9. Be3 Bd7 10. Bd3 g6 11. O-O Be7 12. b4 Rc8 13. Rc1 h5 14. Bxf5 gxf5 15. Ne2 h4 16. Qc2 h3 17. g3 Nxe5 18. Qxc8+ Bxc8 19. Rxc8+ Kd7 20. dxe5 Qa6 21. Rxh8 Qxe2 22. Nd4 Qd3 23. Rc1 f4 24. gxf4 Qg6+ 25. Kf1 Qg2+ 26. Ke2 Qxh2 27. Rg8 1-0


[Site "https://www.chess.com"]

[Event "Titled Tuesday Blitz February 01 B 2022"]
[White "Deac, Bogdan-Daniel"]
[Black "Kravtsiv, Martyn"]
[WhiteFideId "1226380"]
[BlackFideId "14113147"]
[WhiteElo "2646"]
[BlackElo "2694"]
[Result "0-1"]
[Round "04"]
[TimeControl "180+1"]
[Date "2022.02.01"]
[WhiteClock "0:00:47"]
[BlackClock "0:02:00"]

1. e4 e5 2. Nf3 Nc6 3. d4 exd4 4. Nxd4 Nf6 5. Nxc6 bxc6 6. e5 Qe7 7. Qe2 Nd5 8. h4 a5 9. Nd2 Qe6 10. Nf3 Ba6 11. Qe4 Bb4+ 12. Kd1 f5 13. Qd4 c5 14. Ng5 cxd4 15. Nxe6 dxe6 16. a3 Be7 17. Bxa6 Rxa6 18. h5 Kf7 19. Ke2 c5 20. Kd3 Rc8 21. h6 g6 0-1


[Site "https://www.chess.com"]

[Event "Titled Tuesday Blitz February 01 B 2022"]
[White "Dobrov, Vladimir"]
[Black "Jocev, Milan"]
[WhiteFideId "4136594"]
[BlackFideId "900680"]
[WhiteElo "2614"]
[BlackElo "2322"]
[Result "1-0"]
[Round "04"]
[TimeControl "180+1"]
[Date "2022.02.01"]
[WhiteClock "0:00:09"]
[BlackClock "0:00:21"]

1. d4 Nf6 2. c4 c5 3. d5 b5 4. cxb5 a6 5. e3 g6 6. Nc3 Bg7 7. Nf3 O-O 8. a4 e6 9. e4 exd5 10. exd5 d6 11. Be2 axb5 12. Bxb5 Ba6 13. O-O Nbd7 14. Bf4 Nb6 15. Bxa6 Rxa6 16. h3 Ra5 17. Re1 Qd7 18. Qb3 Rb8 19. Ra3 Raa8 20. Qa2 Nh5 21. Bh2 Bxc3 22. bxc3 Rxa4 23. Rxa4 Nxa4 24. c4 Rb4 25. Qe2 Ng7 26. Ng5 Nc3 27. Qd3 h6 28. Nxf7 Qxf7 29. Qxc3 Nf5 30. Bf4 Nd4 31. Bxd6 Rb1 32. Kh2 Rxe1 33. Qxe1 Qf6 34. Qe8+ Kh7 35. Qe7+ Qg7 36. Qxg7+ Kxg7 37. Bxc5 Nf5 38. g4 Nh4 39. Kg3 g5 40. f4 Ng6 41. Bd4+ Kf7 42. f5 Nf4 43. Be3 Ne2+ 44. Kf3 Nc3 45. Bd2 Na4 46. Be3 Nb2 47. c5 Nd3 48. c6 Ne5+ 49. Ke4 Nc4 1-0


[Site "https://www.chess.com"]

[Event "Titled Tuesday Blitz February 01 B 2022"]
[White "Drygalov, Andrey"]
[Black "Senthil Maran K"]
[WhiteFideId "24171735"]
[BlackFideId "25035681"]
[WhiteElo "2540"]
[BlackElo "2194"]
[Result "1-0"]
[Round "04"]
[TimeControl "180+1"]
[Date "2022.02.01"]
[WhiteClock "0:01:08"]
[BlackClock "0:00:01"]

1. e4 c6 2. d4 d5 3. e5 Bf5 4. Nf3 e6 5. Be2 Nh6 6. O-O Bg6 7. Re1 Nf5 8. Nbd2 Nd7 9. c3 c5 10. Nf1 Be7 11. Ng3 Nxg3 12. hxg3 O-O 13. Bf4 Qb6 14. Qd2 cxd4 15. Nxd4 Nc5 16. f3 Na4 17. b3 Nc5 18. Bf1 Rfc8 19. Be3 a6 20. g4 Qc7 21. Rac1 Nd7 22. f4 Ba3 23. f5 Bxc1 24. Rxc1 exf5 25. gxf5 Bh5 26. e6 Nf6 27. Bf4 Qe7 28. Qe3 Ne4 29. c4 fxe6 30. fxe6 Nf6 31. Nf5 Qc5 32. Qxc5 Rxc5 33. Nd6 Rc6 34. c5 Ne8 35. b4 Bg4 36. Nxb7 Rxe6 37. c6 Re4 38. Bd2 Nc7 39. Nc5 Re7 40. Bf4 Rae8 41. Bxc7 Rxc7 42. Nxa6 Ra7 43. b5 Bc8 44. b6 Rxa6 45. Bxa6 Bxa6 46. b7 Kf7 47. Rb1 Ke7 48. b8=Q Rxb8 49. Rxb8 d4 50. Kf2 Kd6 51. Rg8 g6 52. Rg7 Kxc6 53. Rxh7 Bc4 54. a3 Kd5 55. Rg7 Bd3 56. a4 Kc4 57. Ke1 Kb4 58. Rd7 Kc3 59. a5 Bb5 60. Rd6 d3 61. a6 d2+ 62. Rxd2 Bxa6 63. Rd6 Bd3 64. Kf2 Be4 65. g3 Kc4 66. Ke3 Bb1 67. Kf4 Kc5 68. Rd1 Bf5 69. g4 Be6 70. Kg5 Kc6 71. Rg1 1-0


[Site "https://www.chess.com"]

[Event "Titled Tuesday Blitz February 01 B 2022"]
[White "Fishbein, Alexander"]
[Black "Nesterov, Arseniy"]
[WhiteFideId "2000377"]
[BlackFideId "24198455"]
[WhiteElo "2442"]
[BlackElo "2489"]
[Result "0-1"]
[Round "04"]
[TimeControl "180+1"]
[Date "2022.02.01"]
[WhiteClock "0:00:04"]
[BlackClock "0:00:11"]

1. e4 e5 2. Nf3 Nc6 3. Bb5 a6 4. Ba4 b5 5. Bb3 Na5 6. d4 exd4 7. Nxd4 Bb7 8. c4 bxc4 9. Bc2 Bc5 10. O-O Ne7 11. Nc3 O-O 12. Be3 d6 13. Qh5 Ng6 14. Na4 Bxd4 15. Bxd4 Nc6 16. Be3 Nb4 17. Bb1 Nd3 18. Nc3 Nxb2 19. f4 Qf6 20. e5 dxe5 21. f5 Nf4 22. Qg4 Nxg2 23. Bc5 Nf4 24. Be4 Bxe4 25. Nxe4 Qc6 26. Rae1 f6 27. Bxf8 Rxf8 28. Re3 Nbd3 29. Rg3 Rf7 30. Qf3 h6 31. h4 c3 32. Nxc3 Qxc3 33. Kh2 Qc2+ 34. Kh1 Qxa2 35. Rfg1 Qe2 36. Qxe2 Nxe2 37. Rxd3 Nxg1 38. Kxg1 Re7 39. Ra3 e4 40. Kf2 Re5 41. Rxa6 Rxf5+ 42. Ke3 Re5 43. Rc6 Re7 44. h5 Kf7 45. Rc5 Ke8 46. Ra5 Kd7 47. Rd5+ Kc6 48. Ra5 Re5 49. Ra8 Rxh5 50. Kxe4 Re5+ 51. Kf4 h5 52. Rg8 g5+ 53. Kf3 Rf5+ 54. Kg2 h4 55. Rg6 Kd5 56. Kh3 c5 57. Kg4 Rf4+ 58. Kh5 h3 59. Rh6 Rh4+ 60. Kg6 Rxh6+ 61. Kf5 h2 62. Kg4 h1=Q 63. Kf5 Qe4# 0-1


[Site "https://www.chess.com"]

[Event "Titled Tuesday Blitz February 01 B 2022"]
[White "Garcia Martin, Marta"]
[Black "Bortnyk, Olexandr"]
[WhiteFideId "32084030"]
[BlackFideId "14120828"]
[WhiteElo "2102"]
[BlackElo "2723"]
[Result "0-1"]
[Round "04"]
[TimeControl "180+1"]
[Date "2022.02.01"]
[WhiteClock "0:00:14"]
[BlackClock "0:00:14"]

1. Nf3 Nf6 2. e3 d5 3. c4 c6 4. Nc3 e6 5. b3 Be7 6. Bb2 O-O 7. Qc2 b6 8. Be2 Na6 9. a3 Nc5 10. g4 Nxg4 11. Rg1 Nf6 12. b4 Ncd7 13. Bd3 e5 14. cxd5 cxd5 15. Ng5 e4 16. Ncxe4 dxe4 17. Bxe4 Nxe4 18. Qxe4 Bxg5 19. Qxa8 Bf6 20. d4 Qc7 21. Rc1 Qxh2 22. Rg2 Qb8 23. Qxb8 Nxb8 24. e4 g6 25. f3 Bh3 26. Rgc2 Bg5 27. Rd1 Bd7 28. Bc1 Bh4+ 29. Kf1 Ba4 30. Kg2 Bxc2 0-1


[Site "https://www.chess.com"]

[Event "Titled Tuesday Blitz February 01 B 2022"]
[White "Gledura, Benjamin"]
[Black "Babazada, Khazar"]
[WhiteFideId "712779"]
[BlackFideId "13413554"]
[WhiteElo "2326"]
[BlackElo "2418"]
[Result "0-1"]
[Round "04"]
[TimeControl "180+1"]
[Date "2022.02.01"]
[WhiteClock "0:00:35"]
[BlackClock "0:01:02"]

1. d4 g6 2. c4 Bg7 3. Nc3 d6 4. e4 Nc6 5. Nge2 e5 6. d5 Nce7 7. h4 h5 8. Be3 Nh6 9. f3 f5 10. Qd2 Bd7 11. O-O-O Nf7 12. g3 c5 13. Bh3 a6 14. Kb1 b5 15. Rc1 O-O 16. exf5 gxf5 17. Rhg1 Rb8 18. g4 hxg4 19. fxg4 f4 20. Bf2 Qa5 21. Ne4 Qxd2 22. Nxd2 bxc4 23. Nc3 e4 24. Ndxe4 Nxd5 25. Rgd1 Bc6 26. Bf1 Ne3 27. Bxe3 Bxe4+ 0-1


[Site "https://www.chess.com"]

[Event "Titled Tuesday Blitz February 01 B 2022"]
[White "Grebeniuk, Semen"]
[Black "Zakhartsov, Vladimir"]
[WhiteFideId "14117509"]
[BlackFideId "4145097"]
[WhiteElo "2234"]
[BlackElo "2432"]
[Result "0-1"]
[Round "04"]
[TimeControl "180+1"]
[Date "2022.02.01"]
[WhiteClock "0:00:03"]
[BlackClock "0:00:14"]

1. d4 d5 2. Bf4 Nf6 3. e3 c5 4. Nd2 Qb6 5. Ngf3 Qxb2 6. Rb1 Qa3 7. Bb5+ Nbd7 8. O-O e6 9. c4 Be7 10. Bxd7+ Nxd7 11. cxd5 exd5 12. dxc5 Nxc5 13. Nb3 Ne6 14. Be5 O-O 15. Qxd5 Rd8 16. Qa5 b6 17. Qxa3 Bxa3 18. Nfd4 f6 19. Bg3 Nxd4 20. Nxd4 Bd7 21. Nb5 Bxb5 22. Rxb5 Rd2 23. h4 Rad8 24. Ra1 Rd1+ 25. Rxd1 Rxd1+ 26. Kh2 Rd2 27. h5 Kf7 28. Bb8 Rxa2 29. Rd5 Ke7 30. f4 Bc5 31. e4 a5 32. e5 a4 33. exf6+ gxf6 34. f5 a3 35. Bc7 Rc2 36. Bd8+ Kf7 37. Rd7+ Ke8 38. Rd1 Be7 39. Bxb6 a2 40. Bd4 Kf7 41. Kh3 Ba3 42. Ba1 Rc1 43. Rxc1 Bxc1 44. Kg4 Ba3 0-1


[Site "https://www.chess.com"]

[Event "Titled Tuesday Blitz February 01 B 2022"]
[White "Grigoriants, Sergey"]
[Black "Svane, Frederik"]
[WhiteFideId "4130804"]
[BlackFideId "12923044"]
[WhiteElo "2502"]
[BlackElo "2459"]
[Result "0-1"]
[Round "04"]
[TimeControl "180+1"]
[Date "2022.02.01"]
[WhiteClock "0:00:03"]
[BlackClock "0:00:29"]

1. e4 c5 2. Nf3 d6 3. Bb5+ Bd7 4. c4 g6 5. Nc3 Bg7 6. O-O Nc6 7. Bxc6 bxc6 8. d4 cxd4 9. Nxd4 Nf6 10. Re1 O-O 11. h3 e5 12. Nc2 Be6 13. b3 Nh5 14. Ba3 Nf4 15. Ne3 Qg5 16. Qf3 Nxh3+ 17. Kh2 Nf4 18. Bxd6 Rfd8 19. Rad1 h5 20. g3 Nh3 21. Bc7 Rd4 22. Ne2 Bg4 23. Qg2 Rxd1 24. Nxd1 Qe7 25. Ba5 Ng5 26. Ng1 Qa3 27. Bd2 Nh7 28. f3 Be6 29. Bc3 Rd8 30. Qe2 Qc1 31. Qb2 Qg5 32. Qf2 Qc1 33. Qb2 Qg5 34. Qf2 Rd3 35. Qe2 Rd7 36. Nf2 h4 37. g4 Qf4+ 38. Kg2 Qg3+ 39. Kf1 Ng5 40. Bd2 h3 41. Nh1 Qh4 42. Qf2 Qxf2+ 43. Nxf2 Rxd2 0-1


[Site "https://www.chess.com"]

[Event "Titled Tuesday Blitz February 01 B 2022"]
[White "Hakobyan, Aram"]
[Black "Boros, Denes"]
[WhiteFideId "13306677"]
[BlackFideId "722340"]
[WhiteElo "2557"]
[BlackElo "2464"]
[Result "1-0"]
[Round "04"]
[TimeControl "180+1"]
[Date "2022.02.01"]
[WhiteClock "0:00:08"]
[BlackClock "0:00:09"]

1. b3 c5 2. Bb2 Nf6 3. Nf3 b6 4. d3 Bb7 5. e4 e6 6. Nbd2 Nc6 7. g3 Be7 8. Bg2 O-O 9. O-O Re8 10. e5 Nd5 11. Ne4 d6 12. exd6 Bxd6 13. Nfg5 h6 14. Nxd6 Qxd6 15. Ne4 Qe7 16. c4 Ndb4 17. a3 Na6 18. Nf6+ gxf6 19. Qg4+ Kh8 20. Qh4 Kg7 21. Qg4+ Kh8 22. Qh5 Kg7 23. Rae1 Nd4 24. Bxb7 Qxb7 25. Bxd4 cxd4 26. Re4 f5 27. Rh4 Rh8 28. b4 Rad8 29. f4 Qe7 30. g4 Qf6 31. gxf5 Qxf5 32. Rg4+ Kf8 33. Qh4 Ke8 34. Rg3 Kd7 35. Re1 Rdg8 36. Re4 Kc8 37. Rxd4 f6 38. Kf2 Nc7 39. Re4 e5 40. Ke2 Ne6 41. fxe5 Ng5 42. Ree3 fxe5 43. c5 Rf8 44. Qc4 Qf2+ 45. Kd1 Kb8 46. cxb6 Qf1+ 47. Re1 Qf7 48. bxa7+ Ka8 49. Qc6+ Kxa7 50. Qc5+ Ka8 51. Qa5+ Qa7 52. Qd5+ Qb7 53. Rxe5 Rf1+ 54. Ke2 Qxd5 55. Rxd5 Rh1 56. Ra5+ Kb7 57. Rg2 Rc8 58. Ke3 Re8+ 59. Kd4 Rxh2 60. Rxh2 Nf3+ 61. Kc4 Nxh2 62. Rf5 Ng4 63. d4 Rc8+ 64. Kb5 Rc7 65. d5 Ne3 66. Rh5 Rd7 67. Kc5 Rc7+ 68. Kd4 Nc2+ 69. Ke5 Nxa3 70. d6 Rd7 71. Ke6 Rd8 72. Ke7 Rh8 73. d7 Rh7+ 74. Ke8 Rh8+ 75. Ke7 Rh7+ 76. Kd6 Nb5+ 77. Rxb5+ 1-0


[Site "https://www.chess.com"]

[Event "Titled Tuesday Blitz February 01 B 2022"]
[White "Hasangatin, Ramil"]
[Black "Naroditsky, Daniel"]
[WhiteFideId "4122160"]
[BlackFideId "2026961"]
[WhiteElo "2375"]
[BlackElo "2608"]
[Result "0-1"]
[Round "04"]
[TimeControl "180+1"]
[Date "2022.02.01"]
[WhiteClock "0:00:13"]
[BlackClock "0:00:52"]

1. e4 c5 2. Nf3 d6 3. d4 cxd4 4. Qxd4 a6 5. Be3 Nf6 6. Nc3 Nc6 7. Qb6 Qxb6 8. Bxb6 Bg4 9. Be2 e6 10. Nd2 Bxe2 11. Kxe2 Rc8 12. Rhd1 Ne5 13. f3 Be7 14. Rac1 O-O 15. Ncb1 d5 16. Nc3 Bb4 17. Bd4 Ned7 18. e5 Ne8 19. Nb3 f6 20. exf6 gxf6 21. a3 Be7 22. Na4 Nd6 23. Nac5 Nxc5 24. Bxc5 Rfd8 25. Bxd6 Bxd6 26. g3 Kf7 27. Nd4 b5 28. c3 h5 29. f4 h4 30. Kf3 Bc5 31. Nb3 Bb6 32. g4 e5 33. h3 Rc4 34. fxe5 fxe5 35. Rf1 Kg6 36. Kg2 Be3 37. Rcd1 Bf4 38. Nd2 Rc7 39. Nf3 Bg3 40. Rd2 Rf7 41. Ng1 Rxf1 42. Kxf1 Bf4 43. Rd1 e4 44. Ne2 Be5 45. Nd4 Bxd4 46. Rxd4 Kg5 47. Kf2 Kf4 48. a4 Ke5 49. axb5 axb5 50. Rb4 Rf8+ 51. Kg2 e3 0-1


[Site "https://www.chess.com"]